 Dungeon Crawl Stone Soup version 0.32-a0-485-g70f7560b1c (webtiles) character file.

Game seed: 6740809373055050285

60 retardedninja the Shield-Bearer (level 3, -4/33 HPs)
             Began as a Mountain Dwarf Fighter on Feb 26, 2024.
             Slain by Natasha (5 damage)
             ... on level 2 of the Dungeon.
             The game lasted 00:01:12 (871 turns).

retardedninja the Shield-Bearer (MDFi)               Turns: 871, Time: 00:01:12

Health: -4/33      AC:  8    Str: 20    XL:     3   Next: 80%
Magic:  3/3        EV:  6    Int:  8    God:
Gold:   32         SH:  4    Dex:  9    Spells: 2/2 levels left

rFire   . . .        a - +0 war axe
rCold   . . .        c - +0 buckler
rNeg    . . .        b - +0 scale mail
rPois   .            (no helmet)
rElec   .            g - +0 cloak
rCorr   .            (no gloves)
SInv    .            (no boots)
Will    .....        (no amulet) Stlth
                     (no ring)
HPRegen 0.25/turn    (no ring)
MPRegen 0.08/turn

%: no passive effects
@: mighty, slowed, constricted, very slow
A: runic magic, artefact enchanting
a: no special abilities


You were on level 2 of the Dungeon.
You visited 1 branch of the dungeon, and saw 2 of its levels.

You collected 32 gold pieces.

Inventory:

Hand Weapons
 a - a +0 war axe (weapon)
Armour
 b - a +0 scale mail (worn)
 c - a +0 buckler (worn)
 g - a +0 cloak (worn)
Talismans
 f - a beast talisman
 r - a flux talisman
Scrolls
 e - a scroll of summoning {unknown}
 i - a scroll of enchant weapon {unknown}
 j - a scroll of fog {unknown}
 n - a scroll of blinking {unknown}
 o - 3 scrolls of identify {unknown}
 p - a scroll of poison {unknown}
Potions
 h - a potion of ambrosia {unknown}
 k - 2 potions of curing {unknown}
 l - a potion of enlightenment {unknown}
 m - a potion of lignification {unknown}
 q - 2 potions of resistance {unknown}


   Skills:
 + Level 3.8 Fighting
 + Level 3.3 Axes
 + Level 3.8 Armour
 + Level 3.9 Shields


You had 2 spell levels left.
You didn't know any spells.
Your spell library was empty.

Dungeon Overview and Level Annotations

Branches:
Dungeon (2/15)

Altars:

Annotations:
D:2 Natasha


Innate Abilities, Weirdness & Mutations

Your spellcasting is much less encumbered by armour.
You can use scrolls of enchantment on lesser artefacts.


Message History

You are too injured to fight recklessly!
You feel very mighty all of a sudden. The quokka bites you. Natasha claws you.
The quokka misses you. You block the cerulean imp's attack.
Natasha claws you but does no damage.
You barely miss Natasha. You slash the quokka!
You kill the quokka!
You miss the cerulean imp.
The cerulean imp hits you but does no damage.
Natasha claws you but does no damage. The giant cockroach barely misses you.
You block the cerulean imp's attack. You block Natasha's attack.
The giant cockroach bites you but does no damage.
You barely miss Natasha. You hit the cerulean imp.
You slash the giant cockroach!
You kill the giant cockroach!
The cerulean imp hits you but does no damage.
Natasha claws you.
The ball python bites you but does no damage.
The ball python grabs you. The ball python constricts you.
You block the cerulean imp's attack.
A ball python comes into view.
Natasha claws you.
* * * LOW HITPOINT WARNING * * *
You barely miss Natasha. You barely miss the cerulean imp.
You closely miss the ball python.
The ball python hisses angrily.
The ball python bites you but does no damage.
The ball python constricts you.
The cerulean imp hits you but does no damage.
The ball python bites you but does no damage.
The ball python constricts you.
Natasha stares at you and mumbles some strange words.
You feel as though you will be slow longer.
The cerulean imp hits you with a +2 spear.
* * * LOW HITPOINT WARNING * * *
The ball python bites you but does no damage.
The ball python constricts you.
* * * LOW HITPOINT WARNING * * *
Natasha claws you.
You die...
Natasha begins licking her fur clean.

###...### ....... .......
S...[ #...### #.>...
#5hS# #### #.@.# #..
#######...#########.#####
#.........#.......#......
#.#####.........#....#...
#.#####.###.###.#.<....#.
.......|....)........###.
..#####.###.###.#...## #.
#.# #.# #.#........ ..#
#.. .....######


You could see Natasha, a cerulean imp (summoned) and 2 ball pythons.

Vanquished Creatures
  Natasha (D:2)
  A gnoll (D:1)
  2 ball pythons (D:1)
  4 bats (D:1)
  2 endoplasms (D:1)
  2 giant cockroaches
  4 goblins
  A hobgoblin (D:1)
  2 quokkas
  A frilled lizard (D:1)
  3 kobolds (D:1)
  A rat (D:1)
24 creatures vanquished.

Notes
Turn   | Place    | Note
-------+----------+-------------------------------------------
     0 | D:1      | retardedninja the Mountain Dwarf Fighter began the quest
                  | for the Orb.
     0 | D:1      | Reached XP level 1. HP: 19/19 MP: 1/1
   158 | D:1      | Reached XP level 2. HP: 26/26 MP: 2/2
   248 | D:1      | Found a faded altar of an unknown god.
   658 | D:1      | Reached XP level 3. HP: 27/33 MP: 3/3
   804 | D:2      | Noticed Natasha
   811 | D:2      | Killed Natasha
   862 | D:2      | Noticed Natasha
   871 | D:2      | HP: 1/33 [constriction (1)]
   871 | D:2      | Slain by Natasha

Illustrated notes

Levels and vault maps discovered:
D:1:      psy_arrival_terrarium, layout_loops_ring,
          hellmonk_ecumenical_altar_run_dry
D:2:      layout_loops_cross, uniq_natasha, uniq_crazy_yiuf_cottage

Skill      XL: |  1  2 |
---------------+-------+-----
Axes           | 3 |  3.3
Fighting       | |  3.8
Armour         | |  3.8
Shields        | |  3.9

Action                     || total
---------------------------++-------
  Melee: War axe           ||    69
    Use: Potion            ||     1
 Armour: Scale mail        ||    67
  Dodge: Dodged            ||    41
  Block: Buckler           ||    19

Table legend: (Time is in decaauts)
 A = Elapsed time spent in this place.
 B = Non-inter-level travel time spent in this place.
 C = Inter-level travel time spent in this place.
 D = Time resting spent in this place.
 E = Time spent auto-exploring this place.
 F = Levels seen in this place.
 G = Mean time per level.
                   A        B        C        D        E       F      G
               +--------+--------+--------+--------+--------+-----+--------+
         Total |    902 |    880 |     22 |      0 |    681 |   2 |  451.0 |
       Dungeon |    902 |    880 |     22 |      0 |    681 |   2 |  451.0 |
               +--------+--------+--------+--------+--------+-----+--------+

Top non-repeatable levels by time:
     D:1: 802 daAuts
     D:2: 100 daAuts
